 Dungeon Crawl Stone Soup version 0.31-a0-620-gd1cbd99268 (webtiles) character file.

Game seed: 5296571374508867329

46844 kae the Metamorph (level 14, -6/121 (127) HPs)
             Began as a Yellow Draconian Shapeshifter on Aug 23, 2023.
             Was an Elder of Ru.
             Killed from afar by an orc sorcerer (33 damage)
             ... with a bolt of negative energy
             ... on level 1 of the Orcish Mines.
             The game lasted 00:22:29 (15479 turns).

kae the Metamorph (Yellow Draconian Shapeshifter)  Turns: 15479, Time: 00:22:30

HP:   -6/121 (127)  AC: 18    Str: 18    XL:     14   Next: 6%
MP:   21/21         EV: 17    Int:  9    God:    Ru [****..]
Gold: 987           SH:  0    Dex: 16    Spells: 23/23 levels left

rFire   . .          .
                       - Unarmed
rCold   . . .        (shield currently unavailable)
rNeg    . . .        (body armour unavailable)
rPois   .            (helmet restricted)
rElec   .            D - +2 cloak
rCorr   +            (gloves currently unavailable)
SInv    +            i - +2 pair of boots
Will    +....        g - amulet of regeneration
Stlth   +            v - ring of see invisible
HPRegen 1.20/turn    O - +4 ring of protection
MPRegen 0.17/turn

%: no passive effects
@: short of breath, blade hands, lightly drained
A: spit acid, AC +8, unfitting armour, acidic bite, cold-blooded, inability to
drink after injury 2, inability to use devices, acid resistance
a: Breathe Acid, Begin Untransformation, Renounce Religion, Draw Out Power,
Power Leap


You were on level 1 of the Orcish Mines.
You worshipped Ru.
Ru was greatly pleased with you.
You had blades for hands.
You visited 4 branches of the dungeon, and saw 17 of its levels.

You collected 987 gold pieces.


Innate Abilities, Weirdness & Mutations

You have blades for hands.
You are incapable of wielding weapons or throwing items.
You can spit globs of acid.
Your golden yellow scales are hard. (AC +8)
You cannot fit into any form of body armour.
You have acidic saliva.
You are cold-blooded and may be slowed by cold attacks.
You sometimes lose the ability to drink potions when taking damage.
You cannot study or use magical devices.
You are resistant to acid. (rCorr)


   Skills:
 + Level 12.7 Fighting
 - Level 10.0 Dodging
 - Level 10.0 Unarmed Combat
 - Level 5.0 Spellcasting
 - Level 15.0 Shapeshifting


You had 23 spell levels left.
You didn't know any spells.
Your spell library contained the following spells:

 Spells                   Type           Power      Damage    Failure   Level
 Magic Dart               Conj           8%         1d3       24%         1
 Slow                     Hex            8%         N/A       24%         1
 Sting                    Tmut/Pois      8%         1d3       24%         1
 Summon Small Mammal      Summ           8%         N/A       24%         1
 Call Imp                 Summ           4%         N/A       36%         2
 Cigotuvi's Dreadful Rot  Necr/Pois/Air  4%         N/A       36%         2
 Ensorcelled Hibernation  Hex/Ice        4%         N/A       36%         2
 Poisonous Vapours        Pois/Air       4%         N/A       36%         2
 Call Canine Familiar     Summ           2%         N/A       58%         3
 Frozen Ramparts          Ice            4%         1d1       58%         3
 Gell's Gravitas          Tloc           2%         N/A       58%         3
 Mephitic Cloud           Conj/Pois/Air  2%         N/A       58%         3
 Ozocubu's Armour         Ice            2%         N/A       58%         3
 Portal Projectile        Hex/Tloc       4%         N/A       58%         3
 Summon Guardian Golem    Hex/Summ       2%         N/A       58%         3
 Teleport Other           Tloc           2%         N/A       58%         3
 Anguish                  Hex/Necr       1%         N/A       94%         4
 Cause Fear               Hex            1%         N/A       94%         4
 Dispel Undead            Necr           2%         3d7       94%         4
 Leda's Liquefaction      Hex/Erth       1%         N/A       94%         4
 Olgreb's Toxic Radiance  Pois           2%         N/A       94%         4
 Petrify                  Tmut/Erth      2%         N/A       94%         4
 Metabolic Englaciation   Hex/Ice        1%         N/A       100%        5
 Death Channel            Necr           1%         N/A       100%        6
 Dispersal                Tloc           1%         N/A       100%        6
 Simulacrum               Ice/Necr       1%         N/A       100%        6

Inventory:

Missiles
 d - 182 stones
 k - 37 poisoned darts
 l - 15 boomerangs
 n - 10 javelins
 o - a throwing net {=f!f}
 B - a curare-tipped dart {=f}
 Q - 3 atropa-tipped darts
Armour
 i - a +2 pair of boots (worn)
   (You found it on level 2 of the Dungeon)
 D - a +2 cloak (worn)
   (You found it on level 6 of the Dungeon)
Jewellery
 c - a ring of ice
   (You took it off an orc on level 5 of the Dungeon)
 g - an amulet of regeneration (around neck)
   (You found it on level 5 of the Dungeon)
 v - a ring of see invisible (left blade hand)
   (You found it on level 1 of the Dungeon)
 A - an amulet of the acrobat
   (You found it on level 4 of the Dungeon)
 C - a ring of protection from cold
   (You took it off a hobgoblin on level 3 of the Dungeon)
 E - a ring of willpower
   (You took it off an orc wizard on level 9 of the Dungeon)
 O - a +4 ring of protection (right blade hand)
   (You took it off a goblin on level 3 of the Dungeon)
Talismans
 a - a blade talisman (active)
   (You found it on level 8 of the Dungeon)
 b - a beast talisman
 s - a flux talisman
Wands
 y - a wand of quicksilver (2)
   (You found it on level 10 of the Dungeon)
 G - a wand of roots (5)
   (You took it off Maurice on level 10 of the Dungeon)
 J - a wand of polymorph (2)
   (You found it on level 1 of the Lair of Beasts)
 K - a wand of mindburst (5)
   (You found it on level 2 of the Lair of Beasts)
 N - a wand of charming (5)
   (You found it on level 3 of the Lair of Beasts)
Scrolls
 e - 4 scrolls of teleportation {@r4}
 p - a scroll of revelation
 q - 2 scrolls of immolation {!r!r}
 r - 2 scrolls of poison {!r}
 u - 8 scrolls of identify {@r1}
 I - 2 scrolls of butterflies
Potions
 f - a potion of curing {@q1}
 h - 3 potions of might
 j - 2 potions of resistance
 m - 5 potions of heal wounds {@q2}
 t - 5 potions of haste {@q3}
 w - a potion of berserk rage {!q}
 x - 3 potions of attraction {!q}
 z - 3 potions of lignification {!q}
 F - a potion of mutation {!q}
 L - a potion of invisibility
 M - 3 potions of cancellation
Miscellaneous
 H - a condenser vane
   (You found it on level 1 of the Lair of Beasts)
 R - a box of beasts
   (You found it on level 5 of the Lair of Beasts)

Dungeon Overview and Level Annotations

Branches:
Dungeon (10/15) Zot: 25976  Temple (1/1) D:5 Zot: 5947    Lair (5/5) D:8 Zot: 24356
 Shoals (0/4) Lair:2        Snake (0/4) Lair:3        Slime (0/5) Lair:5
    Orc (1/2) D:10 Zot: 5972

Altars:
Ashenzari
Cheibriados
Dithmenos
Elyvilon
Fedhas
Gozag
Hepliaklqana
Kikubaaqudgha
Makhleb
Nemelex Xobeh
Okawaru
Qazlal
Ru
Sif Muna
Trog
Uskayaw
Vehumet
Wu Jian
Xom
Yredelemnul
Zin
The Shining One
Jiyva
Lugonu

Shops:
D:4 :(

Portals:
Abyss: Lair:5

Annotations:
D:5 2 runed translucent doors, WhatIsLove's ghost, novice HOMo
D:7 2 transporters, kaychamo's ghost, novice NaSh
D:10 Sonja
Lair:2 Harold
Lair:3 2 transporters
Lair:5 2 exclusions

### ##.## .#
#...## .... #
####...)#....#
##.##.#..o@h....#
#...<^.#..o.3.....
##.#....#.)#..#...
# #.....##.$#....
#.....# .......
#....$..........
.#.#............
................
#................


You could see a smoke demon (summoned), a warg, an orc sorcerer and an orc
(distracted).


Message History

You hit the orc high priest but do no damage.
The sixfirhy completely misses you.
The sixfirhy is stunned by your conviction and fails to attack.
The neqoxec misses you.
The soul eater closely misses you. 😨 HP[+1] Unknown command.
You hit the orc high priest. Your bite misses the orc high priest.
You redirect the orc high priest's attack!
The orc high priest hits you but does no damage.
The orc warrior unwields a +0 orcbow.
The orc warrior wields a +0 war axe.
The orc warrior hits you but does no damage.
The neqoxec is stunned by your conviction and fails to attack.
You redirect the soul eater's attack!
The soul eater closely misses you. 😨 HP[+1] Unknown command.
You slash the orc high priest! The orc high priest misses you.
The orc warrior closely misses you. The neqoxec hits you.
* * * LOW HITPOINT WARNING * * *
😨 HP[-1]
You take 1 damage, and now have 48/127 hp.
You slice the orc high priest!!
You kill the orc high priest!
The soul eater disappears in a puff of smoke!
The neqoxec disappears in a puff of smoke!
The sixfirhy disappears in a puff of smoke!
An orc sorcerer comes into view.
It is wielding a +0 dagger and wearing a +2 robe of positive energy. 😨 HP[+1]
You hit the orc warrior.
You tail-slap the orc warrior, but do no damage.
You bite the orc warrior.
The acid corrodes the orc warrior!
The orc warrior hits you with a +0 war axe.
* * * LOW HITPOINT WARNING * * *
You focus your inner power and blind the orc warrior in retribution!
The warg bites you.
* * * LOW HITPOINT WARNING * * *
The orc closely misses you. 😨 HP[-11]
You take 11 damage, and now have 38/127 hp.
Press: ? - help, Shift-Dir - straight line, f - orc warrior
Aim: an orc warrior, wielding a +0 war axe and wearing a +3 chain mail (purple smoke, lightly wounded, blind, covered in acid, 64% to hit)
You spit a glob of acid.
The glob of acid misses the orc warrior.
The warg bites you but does no damage. The orc warrior misses you. 😨 HP[+1]
You hit the orc warrior.
Your tail-slap misses the orc warrior.
The warg bites you.
* * * LOW HITPOINT WARNING * * *
The orc warrior closely misses you. 😨 HP[-5]
You take 5 damage, and now have 34/127 hp.
You slash the orc warrior! The warg bites you!
* * * LOW HITPOINT WARNING * * *
The orc completely misses you.
The orc warrior completely misses you. 😱 HP[-9]
You take 9 damage, and now have 25/127 hp.
You slice the orc warrior!!
You kill the orc warrior!
The warg bites you but does no damage. The orc barely misses you. 😱 HP[+1]
You barely miss the warg.
Your tail-slap misses the warg.
The warg barely misses you. The orc misses you. 😱 HP[+1]
You slash the orc sorcerer! The warg bites you but does no damage.
The orc hits you but does no damage.
The orc sorcerer wildly gestures.
The orc sorcerer shimmers violently.
The orc sorcerer begins to cast a spell, but is stunned by your conviction! 😱 HP[+1]
You barely miss the orc sorcerer. Your bite misses the orc sorcerer.
The warg bites you but does no damage. The warg barely misses you. 😱 HP[+1]
You barely miss the orc sorcerer.
You tail-slap the orc sorcerer, but do no damage.
You bite the orc sorcerer, but do no damage.
You can drink potions again.
The orc closely misses you. The orc sorcerer barely misses you.
The warg bites you but does no damage. 😱 HP[+1]
You barely miss the orc sorcerer. You tail-slap the orc sorcerer.
The orc hits you but does no damage. The orc sorcerer barely misses you.
The warg barely misses you. 😱 HP[+1] Unknown command.
You slash the orc sorcerer!
The orc is stunned by your conviction and fails to attack.
The warg is stunned by your conviction and fails to attack.
The orc sorcerer gestures wildly while chanting. 😨 HP[+1] Unknown command.
You closely miss the orc sorcerer. Your slash misses the orc sorcerer.
You bite the orc sorcerer, but do no damage.
The warg bites you.
* * * LOW HITPOINT WARNING * * *
You redirect the orc's attack!
The orc barely misses the orc sorcerer.
The orc sorcerer points at you and mumbles some strange words.
The bolt of negative energy hits you!!
You feel drained.
You die...

Skill      XL: |  1  2  3  4  5  6  7  8  9 10 11 12 13 |
---------------+----------------------------------------+-----
Shapeshifting  | 4 5 6 7 9 10 12 14 15 | 15.0
Unarmed Combat | 4 5 6 7 10 | 10.0
Fighting       | 4 7 8 10 12 | 12.7
Dodging        | 6 7 9 10 | 10.0
Spellcasting   | 5 |  5.0

Action                     |  1- 3 |  4- 6 |  7- 9 | 10-12 | 13-15 || total
---------------------------+-------+-------+-------+-------+-------++-------
  Melee: Unarmed           |    80 |   130 |   372 |   741 |   325 ||  1648
         Tailslap          |     8 |    16 |    60 |   124 |    76 ||   284
         Punch             |     3 |     3 |     1 |    30 |    22 ||    59
         Bite              |       |       |       |       |     5 ||     5
 Invoke: Sacrifice Artific |       |       |       |     1 |       ||     1
         Sacrifice Drink   |       |       |       |     1 |       ||     1
         Reject Sacrifices |       |       |       |       |     1 ||     1
Ability: Breathe Acid      |       |       |    12 |    14 |     5 ||    31
    Use: Scroll            |     5 |       |     8 |     6 |     3 ||    22
         Potion            |     4 |     3 |       |       |       ||     7
   Stab: Sleeping          |       |     1 |     2 |       |       ||     3
         Distracted        |       |       |       |     3 |       ||     3
         Invisible         |       |       |       |       |     2 ||     2
 Armour: Skin              |    22 |    43 |   154 |   363 |   118 ||   700
  Dodge: Dodged            |    41 |    65 |   246 |   640 |   257 ||  1249
   Form: Flux              |       |       |     1 |       |       ||     1
         Blade             |       |       |       |     1 |       ||     1

Levels and vault maps discovered:
D:1:      zaba_arrival_water, layout_loops_ring
D:2:      layout_basic, basic_altar, amcnicky_mini_corridor_feature,
          nicolae_wormholes, uniq_jessica, uniq_terence
D:3:      layout_basic, general_overflow_altar,
          yredelemnul_forgotten_temple_becter, lemuel_blue_sif_altar,
          uniq_robin, uniq_natasha, uniq_grinder
D:4:      layout_loops_ring, serial_shops, shop, shop
D:5:      layout_rooms, temple_hall, ebering_ghost_sewer_f,
          minmay_misc_feat_roman, uniq_eustachio
D:6:      layout_basic
D:7:      layout_loops_ring, serial_demonic, serial_demonic_a, serial_demonic_d,
          serial_demonic_b, serial_demonic_c, nzn_ghost_randoct,
          uniq_prince_ribbit1, uniq_crazy_yiuf_cottage, uniq_jeremiah
D:8:      layout_cave_pools, grunt_qazlal_sundering, kennysheep_little_box,
          mainiacjoe_overflow_catch_the_wave, grunt_lair_entry_orc_guard_hut,
          uniq_psyche, uniq_maggie
D:9:      layout_roguey, cheibriados_altar_1, trog_wizard, serial_park_tiny_2,
          st_stairs_3
D:10:     layout_roguey, zombieorc2_lemuel, uniq_maurice, uniq_sonja
Temple:   nicolae_temple_figure_eight
Lair:1:   minmay_guarded_unrand_snakebite, layout_hall_layers,
          beast_lair_carwin_3
Lair:2:   layout_loops_ring, minmay_shoals_entry_beasts, nicolae_lair_lil_pond,
          minivault_27, uniq_harold
Lair:3:   gammafunk_worm_tunnel, layout_regular_city, dummy_snake_entry,
          beast_lair_carwin_9
Lair:4:   layout_roguey
Lair:5:   hellmonk_lair_end_abyssal_woods, layout_gridlike,
          minmay_slime_entry_oklob_open, infiniplex_staircase_pool_2
Orc:1:    layout_caves, serial_shops, shop, nicolae_shop_window_shopping,
          nicolae_shop_tiny_real_fake_doors, shop_statue, nicolae_shop_rolled_up

Notes
Turn   | Place    | Note
-------+----------+-------------------------------------------
     0 | D:1      | kae the Draconian Shapeshifter began the quest for the Orb.
     0 | D:1      | Reached XP level 1. HP: 16/16 MP: 1/1
     0 | D:1      | magus.rc [v1.11.3]
   172 | D:1      | Reached XP level 2. HP: 20/23 MP: 2/2
   778 | D:2      | Reached XP level 3. HP: 28/28 MP: 3/3
   784 | D:2      | Found a stormy altar of Qazlal.
   904 | D:2      | Noticed Terence
   913 | D:2      | HP: 7/28 [worm (8)]
   914 | D:2      | HP: 3/28 [adder (4)]
   919 | D:2      | Reached skill level 4 in Shapeshifting
   924 | D:2      | Reached XP level 4. HP: 19/35 MP: 4/4
   926 | D:2      | Killed Terence
  1402 | D:2      | Noticed Jessica
  1414 | D:2      | Killed Jessica
  1415 | D:2      | Reached skill level 4 in Unarmed Combat
  1536 | D:3      | Reached XP level 5. HP: 37/40 MP: 5/5
  1597 | D:3      | You add the spells Gell's Gravitas, Teleport Other and
                  | Dispersal to your library.
  1730 | D:3      | Found a basalt altar of Yredelemnul.
  1730 | D:3      | Noticed Natasha
  1735 | D:3      | Killed Natasha
  1736 | D:3      | Reached skill level 5 in Shapeshifting
  1808 | D:3      | Noticed Natasha
  1814 | D:3      | Killed Natasha
  1858 | D:3      | Found a radiant altar of Vehumet.
  1914 | D:3      | You pick up a book of the Hunter and begin reading...
  1914 | D:3      | You add the spells Call Canine Familiar, Portal Projectile
                  | and Leda's Liquefaction to your library.
  1968 | D:3      | Noticed Natasha
  1978 | D:3      | Killed Natasha
  2106 | D:4      | Found Xeufuom's Book Shop.
  2144 | D:4      | Reached XP level 6. HP: 44/47 MP: 6/6
  2284 | D:4      | You pick up a book of Dreams and begin reading...
  2284 | D:4      | You add the spells Ensorcelled Hibernation and Anguish to
                  | your library.
  2381 | D:3      | Found a shimmering blue altar of Sif Muna.
  2450 | D:3      | Noticed Robin
  2482 | D:3      | Killed Robin
  2593 | D:3      | Noticed Grinder
  2596 | D:3      | Paralysed by Grinder for 3 turns
  2604 | D:3      | Paralysed by Grinder for 3 turns
  2605 | D:3      | HP: 11/47 [Grinder (1)]
  2617 | D:3      | Killed Grinder
  2618 | D:3      | Reached skill level 5 in Unarmed Combat
  2618 | D:3      | Reached skill level 6 in Shapeshifting
  2618 | D:3      | Your scales start taking on a golden yellow colour.
  2618 | D:3      | Reached XP level 7. HP: 27/52 MP: 7/7
  2618 | D:3      | Gained mutation: You are resistant to acid. (rCorr) [Yellow
                  | Draconian growth]
  3029 | D:4      | You pick up a book of Callings and begin reading...
  3029 | D:4      | You add the spells Summon Small Mammal and Summon Guardian
                  | Golem to your library.
  3162 | D:4      | You pick up a book of Minor Magic and begin reading...
  3162 | D:4      | You add the spells Magic Dart, Call Imp and Mephitic Cloud
                  | to your library.
  3245 | D:4      | Found Atoixtem's Antique Weapon Shoppe.
  3525 | D:5      | Entered Level 5 of the Dungeon
  3528 | D:5      | Found a runed translucent door.
  3533 | D:5      | Noticed WhatIsLove's ghost (novice HOMo)
  3548 | D:5      | Noticed Eustachio
  3592 | D:4      | Killed Eustachio
  3593 | D:4      | Reached skill level 7 in Shapeshifting
  3798 | D:5      | Reached skill level 6 in Unarmed Combat
  3944 | D:5      | HP: 4/52 [ice beast (14)]
  3947 | D:5      | Reached XP level 8. HP: 6/59 MP: 8/8
  4254 | D:5      | Found a staircase to the Ecumenical Temple.
  4372 | Temple   | Entered the Ecumenical Temple
  4399 | Temple   | Became a worshipper of Ru the Awakened
  4486 | D:5      | Found a runed translucent door.
  4623 | D:6      | Reached skill level 8 in Shapeshifting
  4730 | D:6      | HP: 13/55 [wight/+4 great sword of freezing (1)]
  5047 | D:6      | Reached skill level 7 in Unarmed Combat
  5144 | D:6      | Reached skill level 9 in Shapeshifting
  5605 | D:7      | Found a transporter.
  5611 | D:7      | Noticed kaychamo's ghost (novice NaSh)
  5622 | D:7      | Noticed an unseen horror
  5665 | D:7      | Reached XP level 9. HP: 61/64 MP: 9/9
  5690 | D:7      | You pick up a book of Winter and begin reading...
  5690 | D:7      | You add the spells Ozocubu's Armour, Metabolic Englaciation
                  | and Simulacrum to your library.
  5833 | D:7      | Found a transporter.
  5983 | D:7      | Noticed Prince Ribbit
  6000 | D:7      | Killed Prince Ribbit
  6001 | D:7      | Reached skill level 8 in Unarmed Combat
  6001 | D:7      | Reached skill level 10 in Shapeshifting
  6036 | D:7      | Noticed Jeremiah
  6060 | D:7      | Killed Jeremiah
  6365 | D:7      | Reached skill level 9 in Unarmed Combat
  6581 | D:7      | Found a runed translucent door.
  6582 | D:7      | Noticed Crazy Yiuf
  6590 | D:7      | Killed Crazy Yiuf
  6804 | D:8      | Noticed Psyche
  6813 | D:8      | Killed Psyche
  6814 | D:8      | Reached skill level 10 in Unarmed Combat
  6814 | D:8      | Reached skill level 2 in Fighting
  6819 | D:8      | Found a broken altar of Ashenzari.
  6852 | D:8      | Found an opulent altar of Gozag.
  6879 | D:8      | Noticed Maggie
  6886 | D:8      | Killed Maggie
  6887 | D:8      | Reached skill level 3 in Fighting
  6918 | D:8      | Reached skill level 4 in Fighting
  6918 | D:8      | Reached XP level 10. HP: 78/78 MP: 10/10
  6970 | D:8      | Reached skill level 5 in Fighting
  6980 | D:8      | Reached skill level 6 in Fighting
  6998 | D:8      | Reached skill level 7 in Fighting
  7096 | D:8      | Found an iron altar of Okawaru.
  7109 | D:8      | Reached skill level 2 in Dodging
  7188 | D:8      | Found a stormy altar of Qazlal.
  7229 | D:8      | Reached skill level 3 in Dodging
  7246 | D:8      | Reached skill level 4 in Dodging
  7247 | D:8      | Gained mutation: You cannot study or use magical devices.
                  | [Ru sacrifice]
  7247 | D:8      | Reached * piety under Ru
  7247 | D:8      | Reached ** piety under Ru
  7290 | D:8      | Found a staircase to the Lair.
  7565 | D:9      | magus.rc [v1.11.3]
  7751 | D:9      | Reached skill level 5 in Dodging
  7838 | D:9      | Paralysed by a hornet for 3 turns
  8086 | D:8      | magus.rc [v1.11.3]
  8362 | D:9      | Found a snail-covered altar of Cheibriados.
  8375 | D:9      | Found a bloodstained altar of Trog.
  8378 | D:9      | Noticed a wizard
  8381 | D:9      | Killed a wizard
  8414 | D:9      | Reached skill level 6 in Dodging
  8414 | D:9      | Reached XP level 11. HP: 92/92 MP: 11/11
  8652 | D:10     | Entered Level 10 of the Dungeon
  8652 | D:10     | Found a staircase to the Orcish Mines.
  8707 | D:10     | Reached skill level 11 in Shapeshifting
  8836 | D:10     | Noticed Maurice
  8846 | D:10     | Killed Maurice
  8976 | D:10     | You pick up a book of Sloth and begin reading...
  8976 | D:10     | You add the spells Frozen Ramparts and Petrify to your
                  | library.
  9030 | D:10     | You pick up a book of Decay and begin reading...
  9030 | D:10     | You add the spells Cigotuvi's Dreadful Rot, Dispel Undead
                  | and Death Channel to your library.
  9120 | D:10     | Noticed Sonja
  9571 | Lair:1   | Entered Level 1 of the Lair of Beasts
  9603 | D:8      | HP: 22/92 [wolf (5)]
  9717 | Lair:1   | HP: 23/92 [komodo dragon (13)]
  9719 | Lair:1   | Reached skill level 12 in Shapeshifting
  9722 | Lair:1   | HP: 9/92 [rime drake/icy flash freeze (18)]
 10165 | Lair:1   | Found the +8 whip "Snakebite" {venom, curare, rPois}
 10543 | Lair:2   | Noticed a skyshark
 10552 | Lair:2   | Reached skill level 8 in Fighting
 10564 | Lair:2   | Killed a skyshark
 10567 | Lair:2   | Reached skill level 7 in Dodging
 10718 | Lair:2   | Reached XP level 12. HP: 88/103 MP: 12/12
 10802 | Lair:2   | Reached skill level 13 in Shapeshifting
 10856 | Lair:2   | Found a staircase to the Shoals.
 10953 | Lair:2   | Noticed Harold
 11236 | Lair:2   | Reached skill level 9 in Fighting
 11427 | Lair:3   | Found a staircase to the Snake Pit.
 11531 | Lair:3   | Found a transporter.
 11650 | Lair:3   | Noticed a boulder beetle
 11664 | Lair:3   | Killed a boulder beetle
 11776 | Lair:3   | Noticed a seven-headed hydra
 11879 | Lair:3   | Reached skill level 8 in Dodging
 11894 | Lair:3   | Gained mutation: You occasionally lose the ability to drink
                  | potions when taking damage. [Ru sacrifice]
 11894 | Lair:3   | Gained mutation: You sometimes lose the ability to drink
                  | potions when taking damage. [Ru sacrifice]
 11894 | Lair:3   | Reached *** piety under Ru
 11894 | Lair:3   | Reached **** piety under Ru
 12271 | Lair:3   | Killed a seven-headed hydra
 12272 | Lair:3   | Reached skill level 10 in Fighting
 12335 | Lair:3   | Found a transporter.
 12655 | Lair:4   | Noticed a seven-headed hydra
 12663 | Lair:4   | Killed a seven-headed hydra
 12664 | Lair:4   | Reached skill level 9 in Dodging
 12970 | Lair:4   | Reached skill level 14 in Shapeshifting
 13239 | Lair:5   | Entered Level 5 of the Lair of Beasts
 13322 | Lair:4   | HP: 26/106 [skyshark (10)]
 13325 | Lair:4   | Reached XP level 13. HP: 28/113 MP: 13/13
 13654 | Lair:5   | Found a viscous altar of Jiyva.
 13655 | Lair:5   | Found a staircase to the Slime Pits.
 13854 | Lair:5   | Reached skill level 10 in Dodging
 14042 | Lair:5   | Reached skill level 15 in Shapeshifting
 14051 | Lair:5   | Reached skill level 1 in Spellcasting
 14056 | Lair:5   | Reached skill level 2 in Spellcasting
 14067 | Lair:5   | Reached skill level 3 in Spellcasting
 14217 | Lair:5   | Reached skill level 4 in Spellcasting
 14225 | Lair:5   | HP: 21/113 [death yak (20)]
 14228 | Lair:5   | Reached skill level 5 in Spellcasting
 14234 | Lair:5   | HP: 28/113 [death yak (1)]
 14329 | Lair:5   | You add the spells Slow and Cause Fear to your library.
 14329 | Lair:5   | Got the Reference Book on the Oath
 14651 | Lair:5   | HP: 18/115 [blink frog (12)]
 14754 | Lair:5   | Reached skill level 11 in Fighting
 14993 | Lair:5   | Reached skill level 12 in Fighting
 15023 | Lair:5   | Gained mutation: You have acidic saliva. [Yellow Draconian
                  | growth]
 15023 | Lair:5   | Reached XP level 14. HP: 52/127 MP: 21/21
 15085 | Lair:5   | Found a corrupted altar of Lugonu.
 15087 | Lair:5   | Found a one-way gate to the infinite horrors of the Abyss.
 15098 | Lair:5   | You add the spells Sting, Poisonous Vapours and Olgreb's
                  | Toxic Radiance to your library.
 15447 | Orc:1    | Entered Level 1 of the Orcish Mines
 15471 | Orc:1    | HP: 25/127 [warg (10)]
 15479 | Orc:1    | HP: 27/127 [warg (6)]
 15479 | Orc:1    | Killed from afar by an orc sorcerer

Vanquished Creatures
  A catoblepas (Lair:5)
  3 hydras
  6 death yaks (Lair:5)
  A boulder beetle (Lair:3)
  3 thrashing horrors (Lair:5)
  An orc high priest (Orc:1)
  3 skysharks
  2 ugly things (Lair:5)
  A manticore (Lair:2)
  13 elephants
  6 black mambas
  Maurice (D:10)
  2 smoke demons (Lair:5)
  A torpor snail (Lair:5)
  Maggie (D:8)
  Jeremiah (D:7)
  5 cane toads
  6 komodo dragons
  Psyche (D:8)
  2 rime drakes (Lair:1)
  A hornet (D:9)
  A polar bear (Lair:2)
  Grinder (D:3)
  13 blink frogs
  4 trolls
  A wind drake (Lair:2)
  Prince Ribbit (D:7)
  10 dream sheep (Lair:5)
  A raiju (Lair:5)
  A shadow (D:10)
  2 ynoxinuls (Lair:5)
  A spriggan (Lair:5)
  13 small abominations (Lair:5)
  A vampire (D:10)
  A wraith (D:10)
  A human (shapeshifter) (Lair:5)
  3 wyverns
  32 yaks
  A steam dragon (Lair:2)
  4 basilisks
  Eustachio (D:4)
  3 chaos spawn (Lair:5)
  15 water moccasins
  5 orc warriors
  A large abomination (Lair:5)
  A sky beast (D:7)
  4 black bears
  3 ice beasts
  2 ogres
  24 wolves
  4 centaurs
  A phantom (D:10)
  6 kobold brigands
  10 bullfrogs
  2 gnoll sergeants
  3 scorpions
  3 troll zombies (D:10)
  13 wights
  4 killer bees (D:10)
  3 howler monkeys (D:8)
  A quasit (D:7)
  6 hounds
  4 jellies
  Crazy Yiuf (D:7)
  7 orc priests
  Jessica (D:2)
  A gnoll bouda (D:7)
  Terence (D:2)
  Natasha (thrice) (D:3)
  An iguana (D:4)
  7 orc wizards
  5 ogre zombies (D:10)
  Robin (D:3)
  12 gnolls
  14 adders
  5 shadow imps
  5 white imps
  2 ufetubi (D:7)
  4 worms
  2 dart slugs
  36 orcs
  5 ball pythons (D:4)
  6 bats
  8 endoplasms
  5 giant cockroaches
  17 goblins
  11 hobgoblins
  3 quokkas
  3 frilled lizards
  A goblin skeleton (D:10)
  3 goblin zombies (D:10)
  A hobgoblin skeleton (D:10)
  2 hobgoblin zombies (D:10)
  28 kobolds
  4 orc skeletons (D:10)
  13 orc zombies (D:10)
  4 rats
  A spectral orc (D:3)
495 creatures vanquished.

Vanquished Creatures (others)
  A wizard (D:9)
  A guardian serpent (shapeshifter) (Lair:5)
  An orc (D:10)
  An orc zombie (D:10)
4 creatures vanquished.

Grand Total: 499 creatures vanquished

Table legend:
 A = Non-vault XP
 B = Vault XP
 C = Vault XP percentage of total XP
 D = Non-vault monster count
 E = Vault monster count
 F = Vault count percentage of total count
                 A         B        C        D         E       F
            +---------+---------+-------+---------+---------+-------
      Total |   47569 |   19352 |  28.9 |     354 |     141 |  28.5
            +---------+---------+-------+---------+---------+-------
        D:1 |      35 |       0 |   0.0 |      21 |       0 |   0.0
        D:2 |      72 |      83 |  53.5 |      21 |       4 |  16.0
        D:3 |     108 |     369 |  77.4 |      15 |      15 |  50.0
        D:4 |     322 |     182 |  36.1 |      21 |       1 |   4.5
        D:5 |     456 |       0 |   0.0 |      16 |       0 |   0.0
        D:6 |     956 |       0 |   0.0 |      22 |       0 |   0.0
        D:7 |    1003 |     837 |  45.5 |      24 |      12 |  33.3
        D:8 |    3508 |    1582 |  31.1 |      37 |       7 |  15.9
        D:9 |    2414 |     289 |  10.7 |      40 |       2 |   4.8
       D:10 |    1305 |    1187 |  47.6 |      19 |      36 |  65.5
     Lair:1 |    1851 |    2263 |  55.0 |       6 |      15 |  71.4
     Lair:2 |    5818 |     834 |  12.5 |      23 |       2 |   8.0
     Lair:3 |    5455 |     988 |  15.3 |      24 |       6 |  20.0
     Lair:4 |    6434 |       0 |   0.0 |      23 |       0 |   0.0
     Lair:5 |   16651 |   10738 |  39.2 |      37 |      41 |  52.6
      Orc:1 |    1181 |       0 |   0.0 |       5 |       0 |   0.0
            +---------+---------+-------+---------+---------+-------

Skill      XL: |  1  2  3  4  5  6  7  8  9 10 11 12 13 |
---------------+----------------------------------------+-----
Shapeshifting  | 4 5 6 7 9 10 12 14 15 | 15.0
Unarmed Combat | 4 5 6 7 10 | 10.0
Fighting       | 4 7 8 10 12 | 12.7
Dodging        | 6 7 9 10 | 10.0
Spellcasting   | 5 |  5.0

Action                     |  1- 3 |  4- 6 |  7- 9 | 10-12 | 13-15 || total
---------------------------+-------+-------+-------+-------+-------++-------
  Melee: Unarmed           |    80 |   130 |   372 |   741 |   325 ||  1648
         Tailslap          |     8 |    16 |    60 |   124 |    76 ||   284
         Punch             |     3 |     3 |     1 |    30 |    22 ||    59
         Bite              |       |       |       |       |     5 ||     5
 Invoke: Sacrifice Artific |       |       |       |     1 |       ||     1
         Sacrifice Drink   |       |       |       |     1 |       ||     1
         Reject Sacrifices |       |       |       |       |     1 ||     1
Ability: Breathe Acid      |       |       |    12 |    14 |     5 ||    31
    Use: Scroll            |     5 |       |     8 |     6 |     3 ||    22
         Potion            |     4 |     3 |       |       |       ||     7
   Stab: Sleeping          |       |     1 |     2 |       |       ||     3
         Distracted        |       |       |       |     3 |       ||     3
         Invisible         |       |       |       |       |     2 ||     2
 Armour: Skin              |    22 |    43 |   154 |   363 |   118 ||   700
  Dodge: Dodged            |    41 |    65 |   246 |   640 |   257 ||  1249
   Form: Flux              |       |       |     1 |       |       ||     1
         Blade             |       |       |       |     1 |       ||     1

Illustrated notes

Table legend:
 A = Kills in this place as a percentage of kills in the entire game.
 B = Kills by you in this place as a percentage of kills by you in the entire game.
 C = Kills by friends in this place as a percentage of kills by friends in the entire game.
 D = Other kills in this place as a percentage of other kills in the entire game.
 E = Experience gained in this place as a percentage of experience gained in the entire game.
 F = Experience gained in this place divided by the number of levels of this place that you have seen.
                   A       B       C       D       E      F
               +-------+-------+-------+-------+-------+----------------------
         Total | 100.0 | 100.0 |   N/A | 100.0 | 100.0 | 3936.5
       Dungeon |  63.2 |  63.4 |   N/A |   0.0 |  22.0 | 1470.8
          Lair |  35.8 |  35.6 |   N/A | 100.0 |  76.3 | 10206.4
  Orcish Mines |   1.0 |   1.0 |   N/A |   0.0 |   1.8 | 1181.0
               +-------+-------+-------+-------+-------+----------------------

Table legend: (Time is in decaauts)
 A = Elapsed time spent in this place.
 B = Non-inter-level travel time spent in this place.
 C = Inter-level travel time spent in this place.
 D = Time resting spent in this place.
 E = Time spent auto-exploring this place.
 F = Levels seen in this place.
 G = Mean time per level.
                   A        B        C        D        E       F      G
               +--------+--------+--------+--------+--------+-----+--------+
         Total |  15260 |  14274 |    986 |   1407 |   9891 |  17 |  897.6 |
       Dungeon |   9537 |   8896 |    641 |    825 |   6246 |  10 |  953.7 |
        Temple |     52 |      1 |     51 |      0 |      0 |   1 |   52.0 |
          Lair |   5644 |   5352 |    292 |    582 |   3645 |   5 | 1128.8 |
  Orcish Mines |     26 |     26 |      0 |      0 |      0 |   1 |   26.0 |
               +--------+--------+--------+--------+--------+-----+--------+

Top non-repeatable levels by time:
  Lair:5: 1722 daAuts
     D:7: 1094 daAuts
     D:9: 1084 daAuts
  Lair:4: 1078 daAuts
     D:3: 1043 daAuts
     D:5: 1014 daAuts
     D:6: 1011 daAuts
     D:4: 1009 daAuts
  Lair:3: 997 daAuts
  Lair:2: 979 daAuts
     D:8: 948 daAuts
  Lair:1: 866 daAuts
    D:10: 859 daAuts
     D:2: 762 daAuts
     D:1: 707 daAuts
